 Dungeon Crawl Stone Soup version 0.27.1-34-g3ba077fa99 (webtiles) character file.

Game seed: 837969163619590651

2853 cbfl8 the Protected (level 9, -5/78 HPs)
             Began as a Minotaur Fighter on Jan 19, 2022.
             Was an Initiate of Yredelemnul.
             Slain by Gastronok (17 damage)
             ... on level 8 of the Dungeon.
             The game lasted 00:16:17 (9270 turns).

cbfl8 the Protected (Minotaur Fighter)              Turns: 9270, Time: 00:16:18

Health: -5/78      AC: 17    Str: 25      XL:     9   Next: 46%
Magic:  8/8        EV: 10    Int:  7 (8)  God:    Yredelemnul [......]
Gold:   337        SH: 12    Dex: 11 (12) Spells: 8/8 levels left

rFire    + . .     SeeInvis .   m - +5 club
rCold    . . .     Faith    +   c - +1 kite shield
rNeg     + . .     Spirit   .   y - +4 scale mail of the Amoeba {rElec rN+}
rPois    +         Reflect  .   h - +1 hat
rElec    +         Harm     .   (no cloak)
rCorr    .         Rampage  .   (no gloves)
Will     .....                  (no boots)
Stlth    ..........             o - amulet of faith
HPRegen  0.23/turn              v - ring of Lies {rElec rPois rF+ Str+4 Dex+2}
MPRegen  0.11/turn              t - +4 ring of protection

@: no status effects
A: horns 2, retaliatory headbutt
a: Renounce Religion


You were on level 8 of the Dungeon.
You worshipped Yredelemnul.
Yredelemnul was noncommittal.
You visited 2 branches of the dungeon, and saw 9 of its levels.

You collected 337 gold pieces.

Inventory:

Hand Weapons
 a - a +0 war axe
 l - a +0 mace of protection
 m - a +5 club (weapon)
 s - a +2 hand axe of flaming
 A - a +0 vampiric battleaxe
 D - the +0 hunting sling "Loopy" {venom, rF+ Int+4 Dex+3}
   (You found it on level 7 of the Dungeon)

   Any ammunition fired from it poisons the flesh of those it strikes.
   Int:       It affects your intelligence (+4).
   Dex:       It affects your dexterity (+3).
   rF:        It protects you from fire.
Armour
 b - a +0 scale mail
 c - a +1 kite shield (worn)
 g - a +0 animal skin
 h - a +1 hat (worn)
 k - a +2 buckler
 y - the +4 scale mail of the Amoeba (worn) {rElec rN+}
   (You found it on level 5 of the Dungeon)

   rElec:     It insulates you from electricity.
   rN:        It protects you from negative energy.
Jewellery
 d - a ring of resist corrosion
 f - a +4 ring of evasion
 o - an amulet of faith (around neck)
 t - a +4 ring of protection (right hand)
 v - the ring of Lies (left hand) {rElec rPois rF+ Str+4 Dex+2}
   (You found it on level 4 of the Dungeon)

   [ring of protection from fire]

   Str:       It affects your strength (+4).
   Dex:       It affects your dexterity (+2).
   rF:        It protects you from fire.
   rElec:     It insulates you from electricity.
   rPois:     It protects you from poison.
 w - a +6 ring of intelligence
 C - a ring of positive energy
Scrolls
 n - a scroll of teleportation
 p - 6 scrolls of identify
 r - 2 scrolls of enchant armour
 u - a scroll of fog
 E - a scroll of amnesia


   Skills:
 + Level 6.6 Fighting
 + Level 3.2(5.7) Axes
 + Level 7.4(7.7) Maces & Flails
 + Level 8.6 Armour
 + Level 4.9 Dodging
 + Level 1.5 Stealth
 + Level 8.3 Shields


You had 8 spell levels left.
You didn't know any spells.
Your spell library contained the following spells:

 Spells                   Type           Power      Damage    Failure   Level
 Shock                    Conj/Air       0%         1d3       93%         1
 Sublimation of Blood     Necr           0%         N/A       98%         2
 Wereblood                Tmut           0%         N/A       98%         2
 Swiftness                Air            0%         N/A       100%        3
 Airstrike                Air            0%         N/A       100%        4
 Animate Dead             Necr           0%         N/A       100%        4
 Borgnjor's Vile Clutch   Necr/Erth      0%         N/A       100%        5
 Death Channel            Necr           0%         N/A       100%        6
 Summon Hydra             Summ           0%         N/A       100%        7


Dungeon Overview and Level Annotations

Branches:
Dungeon (8/15)             Temple (1/1) D:7
   Lair: D:8-11

Altars:
Cheibriados
Dithmenos
Fedhas
Gozag
Kikubaaqudgha
Makhleb
Okawaru
Ru
Trog
Uskayaw
Vehumet
Wu Jian
Yredelemnul
Zin
The Shining One

Shops:
D:2 (

Annotations:
D:2 1 runed translucent door, Crazy Yiuf
D:5 2 transporters, cbfl8's ghost, weakling MiDe
D:6 Maggie
D:8 Gastronok


Innate Abilities, Weirdness & Mutations

You have a pair of horns on your head.
You reflexively headbutt those who attack you in melee.


Message History

You hit the quokka.
You kill the quokka!
The quokka's corpse disappears in a puff of smoke!
Gastronok glows a brilliant shade of cerise.
Unknown command.
You block the quokka's attack. The quokka closely misses you.
Things that are here:
a +0 spear; a +0 chain mail Unknown command.
You hit Gastronok. You headbutt Gastronok!
Gastronok is lightly wounded.
The quokka bites you but does no damage.
Gastronok barely misses you.
Unknown command.
You hit Gastronok but do no damage. You headbutt Gastronok!
Gastronok is lightly wounded.
You block the quokka's attack.
Unknown command.
You hit Gastronok. You headbutt Gastronok!
Gastronok is moderately wounded.
You block the quokka's attack. Gastronok bites you!
You hit Gastronok. You headbutt Gastronok!
Gastronok is moderately wounded.
You block the quokka's attack. x2
Unknown command.
You hit Gastronok.
Gastronok is moderately wounded.
The quokka barely misses you. You furiously retaliate!
You headbutt the quokka.
You kill the quokka!
The quokka's corpse disappears in a puff of smoke!
Gastronok bites you!!
* * * LOW HITPOINT WARNING * * *
You thump Gastronok!
Gastronok is heavily wounded.
Unknown command.
You hit Gastronok.
Gastronok is heavily wounded.
Gastronok bites you!
You die...
Your body rises from the dead as a mindless zombie.

...#####†#########.
#.# #.# #.# #.# #.#
#)# #)# #@# #..w#
##..# #..# ##>. ###


You could see Gastronok.

Vanquished Creatures
  Pikel (D:7)
  3 yaks (D:7)
  Menkaure (D:5)
  A water moccasin (D:5)
  A sky beast (D:5)
  2 black bears
  An ogre (D:6)
  An ice beast (D:8)
  A necrophage (D:8)
  2 centaurs
  A phantom (D:6)
  4 lemures (D:7)
  A gnoll sergeant (D:8)
  2 scorpions
  A wyvern skeleton (D:7)
  A water moccasin skeleton (D:5)
  3 wights (D:8)
  3 howler monkeys (D:7)
  A centaur zombie (D:6)
  3 hounds
  2 iguanas (D:5)
  Natasha (thrice) (D:3)
  A killer bee zombie (D:7)
  Robin (D:2)
  4 gnolls
  4 adders
  A white imp (D:4)
  An ufetubus (D:3)
  4 worms
  18 orcs
  5 endoplasms
  2 giant cockroaches
  9 goblins
  7 hobgoblins
  2 jackals (D:1)
  3 quokkas
  6 ball pythons
  3 bats
  4 frilled lizards
  8 kobolds
  6 rats
128 creatures vanquished.

Vanquished Creatures (others)
  4 fungi (D:2)
  2 plants (D:3)
6 creatures vanquished.

Grand Total: 134 creatures vanquished

Notes
Turn   | Place    | Note
-------+----------+-------------------------------------------
     0 | D:1      | cbfl8 the Minotaur Fighter began the quest for the Orb.
     0 | D:1      | Reached XP level 1. HP: 19/19 MP: 0/0
   181 | D:1      | Reached XP level 2. HP: 22/27 MP: 1/1
   560 | D:1      | Reached XP level 3. HP: 33/33 MP: 2/2
  1375 | D:2      | Noticed Robin
  1675 | D:2      | Found a runed translucent door.
  1676 | D:2      | Noticed Crazy Yiuf
  1724 | D:2      | Found Ruef Hoa's Antique Weapon Shop.
  2245 | D:2      | Reached XP level 4. HP: 40/41 MP: 3/3
  2642 | D:2      | Killed Robin
  2771 | D:3      | Noticed Natasha
  2778 | D:3      | Killed Natasha
  2923 | D:3      | Noticed Natasha
  3014 | D:3      | Killed Natasha
  3015 | D:3      | Reached skill level 1 in Maces & Flails
  3015 | D:3      | Reached skill level 1 in Dodging
  3015 | D:3      | Reached XP level 5. HP: 39/47 MP: 4/4
  3332 | D:3      | Noticed Natasha
  3343 | D:3      | Killed Natasha
  3344 | D:3      | Reached skill level 5 in Shields
  4822 | D:4      | Found an opulent altar of Gozag.
  5024 | D:4      | Identified the ring of Lies {rElec rPois rF+ Str+4 Dex+2}
  5173 | D:5      | Entered Level 5 of the Dungeon
  5184 | D:5      | Reached XP level 6. HP: 51/53 MP: 5/5
  5184 | D:5      | Noticed a sky beast
  5199 | D:5      | Killed a sky beast
  5200 | D:5      | Reached skill level 5 in Armour
  5214 | D:5      | Noticed a water moccasin
  5225 | D:5      | Killed a water moccasin
  5490 | D:5      | Reached XP level 7. HP: 55/60 MP: 6/6
  5498 | D:5      | Found a hide-covered altar of Uskayaw.
  5575 | D:5      | Reached skill level 5 in Fighting
  5627 | D:5      | Identified the +4 scale mail of the Amoeba {rElec rN+}
  5647 | D:5      | Found a transporter.
  5653 | D:5      | Noticed cbfl8's ghost (weakling MiDe)
  5662 | D:5      | Noticed Menkaure
  5677 | D:5      | Killed Menkaure
  5678 | D:5      | Reached skill level 1 in Stealth
  5843 | D:5      | Found a transporter.
  6260 | D:6      | Reached skill level 5 in Maces & Flails
  6260 | D:6      | Reached XP level 8. HP: 68/69 MP: 7/7
  6297 | D:6      | Noticed Maggie
  6758 | D:7      | Noticed Pikel
  7136 | D:7      | Killed Pikel
  7432 | D:7      | Reached XP level 9. HP: 22/75 MP: 8/8
  7719 | D:7      | Identified the +0 hunting sling "Loopy" {venom, rF+ Int+4
                  | Dex+3}
  8136 | D:7      | Found a staircase to the Ecumenical Temple.
  8153 | Temple   | Entered the Ecumenical Temple
  8339 | Temple   | Became a worshipper of Yredelemnul the Dark
  8469 | D:8      | HP: 3/71 [wight (1)]
  8480 | D:7      | HP: 3/72 [wight (3)]
  9240 | D:8      | Noticed Gastronok
  9270 | D:8      | Slain by Gastronok

Illustrated notes

Levels and vault maps discovered:
D:1:      sevenhm_arrival_forest_fort_small_5, layout_basic, minmay_box_of_dots
D:2:      layout_basic, serial_shops, nicolae_diamond_shop,
          uniq_crazy_yiuf_cottage, uniq_robin
D:3:      layout_basic, serial_forest, infiniplex_forest_straight_3,
          infiniplex_forest_lined_1, infiniplex_forest_clump_cross,
          infiniplex_forest_clump_long, infiniplex_forest_pool, uniq_natasha
D:4:      layout_loops_corners, mainiacjoe_overflow_alcove_4
D:5:      layout_cave_pools, lemuel_round_altar, gammafunk_ghost_stat_death,
          uniq_menkaure
D:6:      layout_basic, serial_curves, eino_curves_02, eino_curves_02,
          uniq_maggie
D:7:      layout_basic, minmay_temple_entry_nine_rooms, corexii_corridor_pit,
          serial_bayou_crossing, uniq_pikel
D:8:      layout_basic, mainiacjoe_overflow_catwalk_spiral,
          chequers_temple_overflow_statue_of_worship, uniq_maurice,
          uniq_gastronok
Temple:   dpeg_chambers_temple

Skill      XL: |  1  2  3  4  5  6  7  8  9 |
---------------+----------------------------+-----
Fighting       | 4 5 6 |  6.6
Armour         | 4 5 6 7 8 |  8.6
Shields        | 4 5 6 7 8 |  8.3
Axes           | 3 |  3.2
Maces & Flails | 1 3 5 6 7 |  7.4
Dodging        | 1 2 3 4 |  4.9
Stealth        | 1 |  1.5

Action                   |  1- 3 |  4- 6 |  7- 9 || total
-------------------------+-------+-------+-------++-------
Melee: War axe           |    92 |       |       ||    92
       Headbutt          |    10 |    23 |    52 ||    85
       Mace              |    19 |     6 |       ||    25
       Club              |       |   109 |   250 ||   359
  Use: Scroll            |     2 |       |    11 ||    13
       Potion            |       |       |     8 ||     8
Armor: Scale mail        |    82 |    47 |   116 ||   245
Dodge: Dodged            |    71 |    72 |   110 ||   253
Block: Kite shield       |    76 |    80 |   178 ||   334
